Map: Romanticide LE

Players

PattyMac

  • Race: Protoss Protoss
  • League: Grandmaster
  • Spawn Location: 5:00

Asuna - Winner!

  • Race: Protoss Protoss
  • League: Master
  • Spawn Location: 11:00

Event: DreamHack SC2 Masters 2020 Winter

VOD

Have the link to the VOD?

Description

Time

  • Played on: Oct. 31, 2020, 5:08 p.m.
  • Length: 6:53

All games in this series

Show
View Real Time Build Order
Export as new Build Order

PattyMac Protoss 

Build Orders:  

Get SALT Encoding   

  12  0:00  Probe  
  13  0:12  Probe  
  14  0:16  Pylon  
  14  0:24  Probe (Chrono Boost)  
  16  0:36  Probe (Chrono Boost)  
  16  0:37  Gateway  
  16  0:41  Probe (Chrono Boost)  
  16  0:46  Assimilator  
  17  0:52  Probe (Chrono Boost)  
  17  0:54  Assimilator  
  18  1:04  Probe (Chrono Boost)  
  19  1:12  Gateway  
  19  1:13  Probe (Chrono Boost)  
  20  1:18  Probe  
  21  1:26  Cybernetics Core  
  21  1:30  Probe  
  22  1:42  Probe  
  22  1:43  Pylon  
  23  2:02  Robotics Facility  
  23  2:03  Stalker x2  
  27  2:11  Pylon  
  27  2:15  Warp Gate  
  27  2:29  Pylon  
  27  2:33  Stalker  
  27  2:34  Stalker  
  30  2:47  Immortal (Chrono Boost)  
  34  3:01  Gateway  
  30  3:36  Stargate, Probe  
  31  3:47  Shield Battery  
  31  3:50  Pylon  
  31  4:00  Pylon  
  31  4:09  Stalker, Sentry  
  35  4:14  Stalker  
  37  4:19  Void Ray  
  41  4:38  Pylon  
  41  4:39  Adept  
  41  4:40  Adept  
  45  4:51  Phoenix  
  45  4:52  Nexus  
  45  4:54  Pylon  
  45  5:03  Void Ray (Chrono Boost)  
  45  5:15  Shield Battery  
  45  5:19  Sentry  
  47  5:24  Zealot  
  49  5:32  Stalker  
  51  5:36  Probe  
  52  5:48  Probe  
  53  5:57  Void Ray  
  53  6:00  Probe  
  54  6:06  Stalker  
  48  6:12  Probe  
  48  6:17  Stalker  
  37  6:23  Stalker  
  39  6:32  Stalker  
  39  6:34  Probe  
  38  6:41  Zealot  
Show
View Real Time Build Order
Export as new Build Order

Asuna Protoss - Winner!

Build Orders:  

Get SALT Encoding   

  12  0:00  Probe  
  13  0:12  Probe  
  14  0:17  Pylon  
  14  0:24  Probe (Chrono Boost)  
  15  0:36  Gateway, Probe (Chrono Boost)  
  16  0:45  Probe (Chrono Boost)  
  16  0:46  Assimilator  
  17  0:51  Probe  
  17  0:54  Assimilator  
  18  1:03  Probe (Chrono Boost)  
  19  1:07  Gateway  
  19  1:12  Probe (Chrono Boost)  
  19  1:17  Probe (Chrono Boost)  
  20  1:23  Cybernetics Core  
  21  1:29  Probe  
  22  1:34  Pylon  
  22  1:41  Probe  
  23  1:53  Probe  
  24  1:57  Warp Gate (Chrono Boost)  
  24  2:00  Stalker x2  
  28  2:05  Probe  
  28  2:06  Pylon  
  29  2:21  Pylon  
  29  2:30  Stalker x2  
  33  2:39  Shield Battery  
  33  2:41  Shield Battery  
  33  2:46  Shield Battery  
  32  3:02  Stalker x2  
  36  3:17  Robotics Facility  
  34  3:34  Probe  
  35  3:41  Stalker  
  37  3:42  Stalker  
  39  3:55  Nexus  
  39  4:06  Pylon  
  39  4:09  Immortal (Chrono Boost)  
  43  4:11  Stalker, Sentry  
  47  4:18  Pylon  
  47  4:21  Shield Battery  
  45  4:34  Probe  
  41  4:44  Warp Prism (Chrono Boost)  
  41  4:47  Sentry x2  
  47  5:12  Nexus  
  47  5:16  Observer  
  48  5:28  Stalker x2  
  50  5:32  Probe  
  53  5:38  Forge  
  53  5:45  Pylon  
  53  5:51  Sentry  
  55  6:03  Probe  
  52  6:18  Stalker x2  
  52  6:32  Probe x2  
  52  6:44  Stalker x2  
Tags
 
Add a new tag
Caveats
  • Supply blocks, unpowered buildings, or Contaminate may cause inaccurate times.
  • Supply counts are checked every 10 seconds.